 Dungeon Crawl Stone Soup version 0.29-a0-632-g781b4ac09e (webtiles) character file.

Game seed: 11089131294241655915

371 BritishOli the Slasher (level 6, -2/48 HPs)
             Began as a Demonspawn Fighter on June 18, 2022.
             Slain by a gnoll
             ... wielding a +0 halberd
             ... led by a gnoll shaman
              (8 damage)
             ... on level 4 of the Dungeon.
             The game lasted 00:03:23 (4368 turns).

BritishOli the Slasher (Demonspawn Fighter)         Turns: 4368, Time: 00:03:24

Health: -2/48      AC: 11    Str: 18    XL:     6   Next: 42%
Magic:  6/6        EV:  9    Int: 10    God:
Gold:   207        SH:  4    Dex: 12    Spells: 5/5 levels left

rFire   . . .      SeeInvis .   a - +0 long sword
rCold   . . .      Faith    .   c - +0 buckler
rNeg    . . .      Spirit   .   b - +0 scale mail
rPois   +          Reflect  .   (no helmet)
rElec   .          Harm     .   (no cloak)
rCorr   .          Rampage  .   h - +0 pair of gloves
Will    .....                   (no boots)
Stlth   ..........              (no amulet)
HPRegen 0.16/turn               e - ring of poison resistance
MPRegen 0.10/turn               (no ring)

@: no status effects
A: hooves 2, slimy green scales 2
a: no special abilities


You were on level 4 of the Dungeon.
You visited 1 branch of the dungeon, and saw 4 of its levels.

You collected 207 gold pieces.

Inventory:

Hand Weapons
 a - a +0 long sword (weapon)
Missiles
 j - a throwing net (quivered)
Armour
 b - a +0 scale mail (worn)
 c - a +0 buckler (worn)
 h - a +0 pair of gloves (worn)
Jewellery
 e - a ring of poison resistance (left hand)
 i - an amulet of magic regeneration
Wands
 v - a wand of digging (1)
Scrolls
 f - a scroll of torment {unknown}
 g - 2 scrolls of amnesia {unknown}
 m - 2 scrolls of identify {unknown}
 p - a scroll of silence {unknown}
 q - a scroll of enchant armour {unknown}
 u - a scroll of brand weapon {unknown}
 w - a scroll of fog {unknown}
Potions
 d - 2 potions of might
 k - 3 potions of curing {unknown}
 l - a potion of lignification {unknown}
 n - 3 potions of mutation {unknown}
 o - a potion of haste
 r - a potion of resistance {unknown}
 s - 2 potions of brilliance {unknown}
 t - a potion of flight {unknown}
 x - a potion of attraction {unknown}


   Skills:
 + Level 4.2 Fighting
 * Level 4.2 Long Blades
 + Level 3.7 Armour
 + Level 3.8 Shields


You had 5 spell levels left.
You didn't know any spells.
Your spell library was empty.

Dungeon Overview and Level Annotations

Branches:
Dungeon (4/15)
 Temple: D:4-7

Altars:
Ashenzari
Fedhas

Shops:
D:2 [


Innate Abilities, Weirdness & Mutations

You have hoof-like feet.
You are mostly covered in slimy green scales. (AC +3)


Message History

Unknown command.
You are too injured to fight recklessly!
Unknown command.
You are too injured to fight recklessly!
You slash the gnoll shaman! You kick the gnoll shaman!
The gnoll shaman is almost dead.
The gnoll barely misses you. The gnoll hits you but does no damage.
You block the gnoll shaman's attack.
You closely miss the gnoll shaman.
You kick the gnoll shaman, but do no damage.
The gnoll shaman is almost dead.
You block the gnoll's attack.
The gnoll hits you from afar with a +0 spear.
The gnoll shaman hits you but does no damage.
You hit the gnoll shaman.
The gnoll shaman is almost dead.
The gnoll closely misses you. The gnoll barely misses you.
The gnoll shaman hits you but does no damage.
You barely miss the gnoll shaman.
The gnoll shaman is almost dead.
You block the gnoll's attack.
The gnoll hits you from afar with a +0 spear.
The gnoll shaman completely misses you.
The gnoll hits you from afar with a +0 spear.
* * * LOW HITPOINT WARNING * * *
The gnoll hits you from afar with a +0 halberd.
* * * LOW HITPOINT WARNING * * *
The gnoll shaman barely misses you.
You hit the gnoll shaman.
You kill the gnoll shaman!
The gnoll throws a throwing net.
The throwing net closely misses you.
The gnoll hits you from afar with a +0 spear.
* * * LOW HITPOINT WARNING * * *
Unknown command.
The gnoll hits you but does no damage. You block the gnoll's attack.
Things that are here:
a +0 club; a +0 robe; a hound corpse Unknown command.
You closely miss the gnoll. The gnoll hits you with a +0 halberd!
You die...

#........#
#...####
..........#
#......
#####....##
#....#### ####.#
#........ #.#
#.#######.. #.#
#..(.......
#.#####.#.######
#.......#.#
#########@#
.....ggg#
......gJ#
........#
.........
........#
........#
........#


You could see 4 gnolls and an endoplasm.

Vanquished Creatures
  A black bear (D:4)
  A hound (D:4)
  A gnoll shaman (D:4)
  An orc priest (D:3)
  Jessica (D:3)
  Terence (D:2)
  An orc wizard (D:3)
  3 gnolls (D:2)
  3 adders
  2 worms
  A dart slug (D:2)
  4 orcs (D:3)
  2 endoplasms
  2 giant cockroaches
  6 goblins
  7 hobgoblins
  3 jackals (D:1)
  3 quokkas
  6 ball pythons
  3 bats
  3 frilled lizards (D:2)
  3 kobolds
  7 rats
65 creatures vanquished.

Notes
Turn   | Place    | Note
-------+----------+-------------------------------------------
     0 | D:1      | BritishOli the Demonspawn Fighter began the quest for the
                  | Orb.
     0 | D:1      | Reached XP level 1. HP: 18/18 MP: 1/1
   353 | D:1      | Gained mutation: You have large cloven feet. [demonic
                  | ancestry]
   353 | D:1      | Reached XP level 2. HP: 24/24 MP: 2/2
   615 | D:1      | You fall into a shaft and drop 1 floor!
  1054 | D:1      | Gained mutation: You have hoof-like feet. [demonic
                  | ancestry]
  1054 | D:1      | Reached XP level 3. HP: 26/29 MP: 3/3
  1566 | D:2      | Found Wihioll's Armour Boutique.
  1816 | D:2      | HP: 1/29 [gnoll/+0 flail (6)]
  2247 | D:2      | Noticed Terence
  2265 | D:2      | Killed Terence
  2562 | D:2      | Gained mutation: You are partially covered in slimy green
                  | scales. (AC +2) [demonic ancestry]
  2562 | D:2      | Reached XP level 4. HP: 32/35 MP: 4/4
  3345 | D:3      | Gained mutation: You are mostly covered in slimy green
                  | scales. (AC +3) [demonic ancestry]
  3345 | D:3      | Reached XP level 5. HP: 42/42 MP: 5/5
  3682 | D:3      | Noticed Jessica
  3696 | D:3      | Killed Jessica
  4044 | D:4      | Found a broken altar of Ashenzari.
  4045 | D:4      | Found a blossoming altar of Fedhas.
  4094 | D:4      | Noticed a black bear
  4104 | D:4      | Killed a black bear
  4105 | D:4      | Reached XP level 6. HP: 25/48 MP: 6/6
  4368 | D:4      | Slain by a gnoll

Illustrated notes

Levels and vault maps discovered:
D:1:      eino_arrival_cavern_b, layout_loops_ring, minmay_shallow_snake_nest
D:2:      layout_loops_corners, serial_shops, shop, uniq_terence
D:3:      layout_basic, feat_on_display, uniq_jessica
D:4:      layout_basic, nicolae_overflow_hidden_temple

Skill      XL: |  1  2  3  4  5 |
---------------+----------------+-----
Long Blades    | 2 3 4 |  4.2
Shields        | 3 |  3.8
Armour         | 3 |  3.7
Fighting       | 4 |  4.2

Action                   |  1- 3 |  4- 6 || total
-------------------------+-------+-------++-------
Melee: Long sword        |   118 |   128 ||   246
       Kick              |    22 |    35 ||    57
Armor: Scale mail        |    57 |    82 ||   139
Dodge: Dodged            |    50 |    62 ||   112
Block: Buckler           |    29 |    41 ||    70

Table legend: (Time is in decaauts)
 A = Elapsed time spent in this place.
 B = Non-inter-level travel time spent in this place.
 C = Inter-level travel time spent in this place.
 D = Time resting spent in this place.
 E = Time spent auto-exploring this place.
 F = Levels seen in this place.
 G = Mean time per level.
                   A        B        C        D        E       F      G
               +--------+--------+--------+--------+--------+-----+--------+
         Total |   4448 |   4318 |    130 |    301 |   3405 |   4 | 1112.0 |
       Dungeon |   4448 |   4318 |    130 |    301 |   3405 |   4 | 1112.0 |
               +--------+--------+--------+--------+--------+-----+--------+

Top non-repeatable levels by time:
     D:2: 1652 daAuts
     D:3: 1233 daAuts
     D:1: 1221 daAuts
     D:4: 342 daAuts
